 Dungeon Crawl Stone Soup version 0.30-b1-2-g02819fbbbe (webtiles) character file.

Game seed: 457954524041615590

32 LLlMATKO the Chopper (level 3, 0/49 HPs)
             Began as a Minotaur Berserker on July 2, 2023.
             Was a Follower of Trog.
             Slain by a gnoll
             ... wielding a +0 halberd
              (6 damage)
             ... on level 2 of the Dungeon.
             The game lasted 00:00:35 (822 turns).

LLlMATKO the Chopper (Minotaur Berserker)            Turns: 822, Time: 00:00:35

Health: 0/49       AC:  2    Str: 23    XL:     3   Next: 8%
Magic:  2/2        EV: 12    Int:  4    God:    Trog [*.....]
Gold:   26         SH:  0    Dex:  9    Spells: 2/2 levels left

rFire   . . .        a - +0 hand axe
rCold   . . .        (no shield)
rNeg    . . .        b - +0 animal skin
rPois   .            (helmet restricted)
rElec   .            (no cloak)
rCorr   +            (no gloves)
SInv    .            (no boots)
Will    .....        k - amulet of the acrobat Stlth
                     d - ring of resist corrosion
HPRegen 0.28/turn    (no ring)
MPRegen 0.08/turn

%: acrobat
@: berserking (expiring), very quick
A: horns 2, retaliatory headbutt
a: Renounce Religion, Berserk


You were on level 2 of the Dungeon.
You worshipped Trog.
Trog was aware of your devotion.
You visited 1 branch of the dungeon, and saw 2 of its levels.

You collected 26 gold pieces.

Inventory:

Hand Weapons
 a - a +0 hand axe (weapon)
Missiles
 f - 9 boomerangs (quivered)
Armour
 b - a +0 animal skin (worn)
Jewellery
 d - a ring of resist corrosion (left hand)
 k - an amulet of the acrobat (around neck)
Scrolls
 c - a scroll of teleportation {unknown}
 e - a scroll of silence {unknown}
 j - a scroll of vulnerability {unknown}
Potions
 g - 2 potions of haste {unknown}
 h - a potion of might {unknown}
 i - a potion of mutation {unknown}
 l - 2 potions of heal wounds {unknown}


   Skills:
 + Level 4.0 Fighting
 + Level 4.1 Axes
 + Level 3.0 Armour
 + Level 2.7 Dodging


You had 2 spell levels left.
You didn't know any spells.
Your spell library was empty.

Dungeon Overview and Level Annotations

Branches:
Dungeon (2/15)

Altars:


Innate Abilities, Weirdness & Mutations

You have a pair of horns on your head.
You reflexively headbutt those who attack you in melee.


Message History

The gnoll hits you with a +0 flail!
A gnoll comes into view. It is wielding a +0 halberd.
The gnoll barely misses you.
There are monsters nearby!
You hit the gnoll.
The gnoll is almost dead.
The gnoll hits you with a +0 flail!
* * * LOW HITPOINT WARNING * * *
There are monsters nearby!
You are too injured to fight recklessly!
There are monsters nearby!
You are too injured to fight recklessly!
A red film seems to cover your vision as you go berserk!
You feel yourself moving faster!
You feel mighty! The gnoll misses you.
You closely miss the gnoll.
The gnoll is almost dead.
You slash the gnoll!
You kill the gnoll!
Trog accepts your kill.
Your Fighting skill increases to level 4!
Your Armour skill increases to level 3!
You have reached level 3!
Your experience leads to an increase in your attributes!
Increase (S)trength, (I)ntelligence, or (D)exterity?
You feel stronger. x2
The gnoll misses you. You furiously retaliate!
You headbutt the gnoll!
You see here a +0 flail.
You closely miss the gnoll.
The gnoll is severely wounded.
A gnoll comes into view. It is wielding a +0 club.
The gnoll hits you with a +0 halberd.
* * * LOW HITPOINT WARNING * * *
You barely miss the gnoll.
The gnoll shouts!
Your headbutt misses the gnoll.
The gnoll is severely wounded.
You barely miss the gnoll.
The gnoll is severely wounded.
The gnoll hits you with a +0 halberd.
You die...

###.##.# #...#
#...#.# ##'##
#...#.# #.#
###...#.#######
#.#
............†.#
#.#
..#.###.#####.#
#.####
.#.....#..)..#
#....#
#######.#####
####.# #@#
#####.# #g#
#...<.# #.#
#.##### #.# #g#
#.. ###


You could see 2 gnolls.

Vanquished Creatures
  A gnoll (D:2)
  2 ball pythons (D:1)
  A bat (D:1)
  2 endoplasms (D:1)
  4 goblins
  A hobgoblin (D:1)
  3 jackals (D:1)
  2 kobolds (D:2)
  A quokka (D:1)
  A rat (D:2)
18 creatures vanquished.

Notes
Turn   | Place    | Note
-------+----------+-------------------------------------------
     0 | D:1      | LLlMATKO the Minotaur Berserker began the quest for the
                  | Orb.
     0 | D:1      | Reached XP level 1. HP: 19/19 MP: 0/0
   225 | D:1      | Reached XP level 2. HP: 27/27 MP: 1/1
   819 | D:2      | Reached XP level 3. HP: 10/33 MP: 2/2
   822 | D:2      | Slain by a gnoll

Illustrated notes

Levels and vault maps discovered:
D:1:      dpeg_arrival_lava_altar, layout_basic, minmay_stone_trees_small,
          supply_closet_lemuel
D:2:      layout_basic

Skill      XL: |  1  2 |
---------------+-------+-----
Axes           | 4 |  4.1
Fighting       | 4 |  4.0
Armour         | 3 |  3.0
Dodging        | |  2.7

Action                     || total
---------------------------++-------
  Melee: Hand axe          ||    34
         Headbutt          ||     3
 Invoke: Berserk           ||     1
 Armour: Animal skin       ||     4
  Dodge: Dodged            ||    23
